 Dungeon Crawl Stone Soup version 0.30.1-11-g7821555f0a (webtiles) character file.

Game seed: 115025376752109016

6656 Gumption the Cleaver (level 10, 0/91 HPs)
             Began as a Minotaur Berserker on Oct 28, 2023.
             Was an Elder of Trog.
             Succumbed to a killer bee's poison
             ... on level 9 of the Dungeon.
             The game lasted 00:43:51 (9725 turns).

Gumption the Cleaver (Minotaur Berserker)           Turns: 9725, Time: 00:43:52

Health: 0/91       AC: 15    Str: 23    XL:     10   Next: 73%
Magic:  9/9        EV: 12    Int:  6    God:    Trog [****..]
Gold:   261        SH:  6    Dex: 11    Spells: 9/9 levels left

rFire   . . .        a - +0 hand axe (heavy)
rCold   . . .        i - +0 buckler
rNeg    . . .        E - +0 plate armour
rPois   .            (helmet restricted)
rElec   .            (no cloak)
rCorr   .            h - +0 pair of gloves
SInv    .            (no boots)
Will    +....        (no amulet) Stlth
                     r - +5 ring of evasion
HPRegen 0.35/turn    B - ring of willpower
MPRegen 0.11/turn

%: no passive effects
@: lethally poisoned (0 -> -4), on berserk cooldown, slowed, very slow
A: horns 2, retaliatory headbutt
a: Renounce Religion, Berserk, Trog's Hand, Brothers in Arms


You were on level 9 of the Dungeon.
You worshipped Trog.
Trog was greatly pleased with you.
You visited 2 branches of the dungeon, and saw 11 of its levels.

You collected 357 gold pieces.
You spent 96 gold pieces at shops.

Inventory:

Hand Weapons
 a - a +0 heavy hand axe (weapon)
Missiles
 c - 3 poisoned darts
 q - 6 silver javelins (quivered)
 G - 2 boomerangs
Armour
 h - a +0 pair of gloves (worn)
 i - a +0 buckler (worn)
 E - a +0 plate armour (worn)
Jewellery
 b - a ring of fire
 r - a +5 ring of evasion (left hand)
 B - a ring of willpower (right hand)
 D - a ring of magical power
 K - a +5 ring of evasion
Wands
 f - a wand of iceblast (6)
 z - a wand of paralysis (11)
 I - a wand of digging (6)
Scrolls
 e - 2 scrolls of immolation
 g - a scroll of poison {unknown}
 k - a scroll of enchant weapon {unknown}
 m - 5 scrolls of teleportation
 v - a scroll of torment {unknown}
 w - a scroll of enchant armour {unknown}
 x - a scroll of amnesia {unknown}
 y - a scroll of magic mapping {unknown}
 A - a scroll of fog
 C - a scroll of acquirement {unknown}
 F - 3 scrolls of brand weapon
 J - 2 scrolls of fear {unknown}
Potions
 d - 4 potions of mutation
 j - 7 potions of curing
 l - a potion of cancellation
 n - 2 potions of haste
 o - a potion of ambrosia {unknown}
 p - 4 potions of flight
 s - 2 potions of lignification
 t - 4 potions of heal wounds
 u - 2 potions of might
 H - a potion of berserk rage {unknown}


   Skills:
 + Level 9.6 Fighting
 * Level 12.9 Axes
 + Level 9.2 Armour
 - Level 2.1 Dodging
 + Level 8.6 Shields


You had 9 spell levels left.
You didn't know any spells.
Your spell library was empty.

Dungeon Overview and Level Annotations

Branches:
Dungeon (10/15)            Temple (1/1) D:7            Lair (0/5) D:8
    Orc: D:9-12

Altars:
Ashenzari
Dithmenos
Elyvilon
Gozag
Hepliaklqana
Kikubaaqudgha
Makhleb
Nemelex Xobeh
Okawaru
Qazlal
Ru
Trog
Vehumet
Wu Jian
Xom
Yredelemnul
Zin
The Shining One

Shops:
D:4 !


Innate Abilities, Weirdness & Mutations

You have a pair of horns on your head.
You reflexively headbutt those who attack you in melee.


Message History

Trog accepts your kill.
You miss the killer bee.
You feel very sick.
The killer bee stings you but does no damage.
The killer bee barely misses you. The bullfrog closely misses you.
The killer bee misses you. You furiously retaliate!
You headbutt the killer bee. You slash the bullfrog!
Your headbutt misses the bullfrog.
The bullfrog is severely wounded.
You closely miss the killer bee.
You feel very sick.
The killer bee stings you but does no damage.
The bullfrog hits you but does no damage.
The killer bee stings you.
* * * LOW HITPOINT WARNING * * *
The bullfrog misses you.
The killer bee stings you but does no damage.
As you read the scroll labelled ECIVVO CIR, it crumbles to dust.
The creatures around you are filled with an inner flame!
It was a scroll of immolation.
You feel very sick. The killer bee closely misses you. The bullfrog hits you.
* * * LOW HITPOINT WARNING * * *
The killer bee misses you. You furiously retaliate!
You headbutt the killer bee. Trog accepts your kill.
The killer bee explodes!
The fiery explosion engulfs the killer bee!!
Trog accepts your kill. The fiery explosion engulfs you!
* * * LOW HITPOINT WARNING * * *
The killer bee explodes!
The fiery explosion engulfs the killer bee!!
Trog accepts your kill.
The fiery explosion engulfs the killer bee!!
Trog accepts your kill.
The killer bee explodes! x2
You block the bullfrog's attack.
Unknown command.
You die...

# #. ######
#####.###....
......†††.#
........†)#
.####§###F###
....§§§§§@).#
....§§###)#.#
.#### #.#.#
#.# # #..
..## .## .# .


You could see a bullfrog (inner flame).

Vanquished Creatures
  Erica (D:8)
  2 two-headed ogres
  Psyche (D:8)
  Grinder (D:3)
  4 wyverns
  4 yaks (D:7)
  A fire bat (D:8)
  3 water moccasins
  2 ice beasts (D:7)
  A sky beast (D:6)
  A black bear (D:8)
  An orc warrior (D:7)
  2 centaurs
  2 ogres
  2 wolves
  2 phantoms (D:5)
  2 kobold brigands
  A gnoll sergeant (D:9)
  2 scorpions
  3 bullfrogs
  10 killer bees (D:9)
  3 howler monkeys (D:7)
  2 hounds
  A gnoll bouda (D:7)
  An orc priest (D:7)
  3 jellies
  2 sleepcaps
  4 iguanas
  2 orc wizards (D:7)
  10 gnolls
  11 adders
  A shadow imp (D:8)
  A white imp (D:7)
  A worm (D:2)
  3 dart slugs
  10 orcs
  17 ball pythons
  5 bats
  7 endoplasms
  6 giant cockroaches
  8 hobgoblins
  4 jackals
  11 kobolds
  3 quokkas
  3 frilled lizards
  2 goblins
  6 rats
175 creatures vanquished.

Vanquished Creatures (others)
  2 orcs (D:8)
  A hobgoblin (D:3)
3 creatures vanquished.

Grand Total: 178 creatures vanquished

Notes
Turn   | Place    | Note
-------+----------+-------------------------------------------
     0 | D:1      | Gumption the Minotaur Berserker began the quest for the
                  | Orb.
     0 | D:1      | Reached XP level 1. HP: 19/19 MP: 0/0
    88 | D:1      | Reached skill level 4 in Axes
    95 | D:1      | Reached XP level 2. HP: 27/27 MP: 1/1
   125 | D:1      | Found a faded altar of an unknown god.
   324 | D:1      | Reached ** piety under Trog
   426 | D:1      | Reached XP level 3. HP: 31/33 MP: 2/2
   770 | D:2      | Reached skill level 1 in Shields
   770 | D:2      | Reached XP level 4. HP: 36/40 MP: 3/3
   814 | D:2      | Reached skill level 5 in Axes
  2313 | D:3      | Reached XP level 5. HP: 47/47 MP: 4/4
  2782 | D:3      | Found a white marble altar of Elyvilon.
  2888 | D:3      | Noticed Grinder
  2903 | D:3      | Killed Grinder
  2904 | D:3      | Reached skill level 6 in Axes
  2904 | D:3      | Reached XP level 6. HP: 14/55 MP: 5/5
  3264 | D:4      | Reached skill level 5 in Fighting
  3493 | D:4      | Reached *** piety under Trog
  3566 | D:4      | Found Opyenea's Distillery.
  3575 | D:4      | Bought a potion of degeneration for 12 gold pieces
  3575 | D:4      | Bought a potion of curing for 36 gold pieces
  3575 | D:4      | Bought a potion of brilliance for 48 gold pieces
  3606 | D:4      | Reached XP level 7. HP: 46/61 MP: 6/6
  3721 | D:4      | Reached skill level 7 in Axes
  4401 | D:5      | Entered Level 5 of the Dungeon
  4420 | D:5      | Reached skill level 5 in Armour
  4903 | D:5      | Reached skill level 8 in Axes
  4903 | D:5      | Reached XP level 8. HP: 66/70 MP: 7/7
  5587 | D:6      | Reached skill level 5 in Shields
  6824 | D:7      | Found a staircase to the Ecumenical Temple.
  6837 | D:7      | Reached skill level 9 in Axes
  6847 | Temple   | Entered the Ecumenical Temple
  7754 | D:8      | Found a staircase to the Lair.
  7764 | D:7      | Reached XP level 9. HP: 69/79 MP: 8/8
  7838 | D:7      | Reached skill level 10 in Axes
  8792 | D:7      | Reached skill level 11 in Axes
  8844 | D:8      | Reached **** piety under Trog
  9006 | D:8      | Noticed Psyche
  9014 | D:8      | Killed Psyche
  9015 | D:8      | Reached XP level 10. HP: 82/90 MP: 9/9
  9246 | D:8      | Noticed a two-headed ogre
  9251 | D:8      | Killed a two-headed ogre
  9322 | D:8      | Found a bloodstained altar of Trog.
  9322 | D:8      | Noticed Erica
  9337 | D:8      | Killed Erica
  9338 | D:8      | Reached skill level 12 in Axes
  9650 | D:8      | You fall into a shaft and drop 2 floors!
  9650 | D:10     | Entered Level 10 of the Dungeon
  9684 | D:9      | Noticed a two-headed ogre
  9694 | D:9      | Killed a two-headed ogre
  9724 | D:9      | HP: 2/91 [spore (13)]
  9725 | D:9      | Succumbed to a killer bee's poison

Illustrated notes

Levels and vault maps discovered:
D:1:      dpeg_arrival_fog, layout_rooms, chequers_ecumenical_altar_simple_redux
D:2:      layout_loops_corners, minmay_snake_closets
D:3:      layout_basic, elyvilon_altar_4, serial_bayou_ford_a, uniq_grinder
D:4:      layout_loops_cross, nicolae_stop_n_shop_2
D:5:      nicolae_BIG_FREAKIN_CUBE, layout_loops_ring
D:6:      layout_basic
D:7:      layout_layer_cave, minmay_temple_entry_overgrown
D:8:      due_megacathedral, layout_loops_corners, minmay_lair_entry_grove,
          serial_shops, kennysheep_little_box, uniq_erica, uniq_psyche
D:9:      layout_loops_ring, amcnicky_altar_gilded
D:10:     layout_loops_corners, grunt_temple_overflow_open, david_orc_2,
          ebering_ghost_gozag, minmay_misc_feat_tower, nicolae_shop_gadgets
Temple:   nicolae_temple_bog_church

Skill      XL: |  1  2  3  4  5  6  7  8  9 10 |
---------------+-------------------------------+-----
Axes           | 4 5 6 8 9 11 12 | 12.9
Fighting       | 4 5 6 7 8 9 |  9.6
Armour         | 3 4 5 6 8 9 |  9.2
Shields        | 1 2 3 4 6 7 8 |  8.6
Dodging        | |  2.1

Action                     |  1- 3 |  4- 6 |  7- 9 | 10-12 || total
---------------------------+-------+-------+-------+-------++-------
  Melee: Hand axe          |    62 |   105 |   278 |    60 ||   505
         Headbutt          |     9 |    17 |    56 |     7 ||    89
 Invoke: Trog's Hand       |       |     1 |     5 |     1 ||     7
         Berserk           |       |     1 |       |     3 ||     4
    Use: Scroll            |       |       |    12 |     1 ||    13
 Armour: Animal skin       |     6 |       |       |       ||     6
         Leather armour    |    10 |    16 |       |       ||    26
         Ring mail         |       |     8 |    17 |       ||    25
         Plate armour      |       |       |    83 |    41 ||   124
         Chain mail        |       |       |     7 |       ||     7
  Dodge: Dodged            |    46 |    70 |   160 |    61 ||   337
  Block: Buckler           |     4 |    12 |    59 |    20 ||    95
